Stars vs Wolves

Created - Wednesday, December 09, 2015 at 02:45

Goals
1 2 3 T
Stars 0 1 0 1
Wolves 2 2 1 5
Shots
1 2 3 T
Stars 9 10 8 27
Wolves 9 9 9 27

1st period

1. Wolves , Joakim Nordstrom 6 (Matt Donovan) at 0:42 (PP)
2. Wolves , Joakim Nordstrom 7 (Blair Jones) at 3:06

Penalties :
Joe Piskula (CHI) for Fighting (Major) at 0:33, Brad Malone (TEX) for Fighting (Major) at 0:33, Brad Malone (TEX) for instigated a fight (Minor) at 0:33, Brad Malone (TEX) for instigated and being the aggresor in a fight (20 Minutes Game Misconduct) at 0:33

2nd period

3. Stars , Zach Sill 5 (Zac Dalpe) at 7:42 (PP)
4. Wolves , Joakim Nordstrom 8 (Blair Jones, Evgeni Nabokov) at 10:15 (SH)
5. Wolves , Chris Brown 1 (Brian O'Neill, Colton Sissons) at 14:42

Penalties :
Ryan Reaves (CHI) for Fighting (Major) at 0:03, Zach Sill (TEX) for Fighting (Major) at 0:03, Joe Whitney (CHI) for Holding (Minor) at 7:37, Eric Baier (CHI) for Fighting (Major) at 8:51, Steven Delisle (TEX) for Fighting (Major) at 8:51, Ryan Reaves (CHI) for Interference (Minor) at 9:04, Chris Brown (CHI) for Tripping (Minor) at 18:20

3rd period

6. Wolves , Joe Whitney 1 (Matt Donovan) at 12:57

Penalties :
Ryan Reaves (CHI) for Tripping (Minor) at 9:11, Evgeni Nabokov (CHI) for Delaying the game (Minor) at 16:23 - Joe Piskula served the penalty

Goalie Stats

FARM GOALIE19 (TEX), 12 saves from 16 shots - (0.750), L, 0-5-0, 34:42 minutes
Jeff Malcolm (TEX), 10 saves from 11 shots - (0.909), 25:18 minutes
Evgeni Nabokov (CHI), 26 saves from 27 shots - (0.963), W, 12-1-3, 60:00 minutes

Players Stats for Stars

Player Name              G  A  P  +/- PIM S  H  SB GA TA FO     MP     PP MP  PK MP  
------------------------------------------------------------------------------------
Alexandre Grenier        0  0  0  -1  0   5  4  1  4  0  1/1    20:47   3:10   0:00 
Austin Madaisky          0  0  0  -4  0   0  3  3  1  1  0/0    24:03   3:37   0:09 
Brad Malone              0  0  0   0  27  0  0  0  0  0  1/1     0:00   0:00   0:00 
Brandon Kozun            0  0  0  -1  0   2  0  0  2  1  0/0    20:06   3:23   0:00 
Brent Sopel              0  0  0   0  0   0  1  0  0  1  0/0    19:48   4:24   0:00 
Bruno Gervais            0  0  0   0  0   2  1  1  0  0  0/0    24:47   2:52   0:09 
Cameron Gaunce           0  0  0  -4  0   0  1  2  0  1  0/0    25:27   3:16   0:00 
Dalton Smith             0  0  0   0  0   1  0  0  0  0  0/0     6:06   0:04   0:00 
Derrick Pouliot          0  0  0   0  0   0  0  0  0  0  0/0     9:31   1:53   0:00 
Jason Williams           0  0  0   0  0   1  1  0  4  0  4/7    19:54   1:02   0:00 
John Albert              0  0  0  -2  0   1  3  0  1  0  2/5    19:39   2:28   0:00 
Jonathan Diaby           0  0  0   0  0   0  0  0  0  0  0/0     0:00   0:00   0:00 
Justin Shugg             0  0  0  -1  0   1  1  1  1  0  0/0    16:47   1:47   0:00 
Miikka Salomaki          0  0  0  -1  0   2  0  0  1  0  3/6    15:49   0:56   0:09 
Paul Thompson            0  0  0  -2  0   0  2  0  0  0  3/5    22:01   4:34   0:00 
Steven Delisle           0  0  0   0  5   1  0  1  0  2  0/0    18:02   0:00   0:00 
Zac Dalpe                0  1  1  -2  0   6  0  0  1  2  5/11   17:31   3:10   0:00 
Zach Sill                1  0  1  -2  5   5  2  3  9  1  0/2    19:30   3:29   0:09 

Players Stats for Wolves

Player Name              G  A  P  +/- PIM S  H  SB GA TA FO     MP     PP MP  PK MP  
------------------------------------------------------------------------------------
Andre Benoit             0  0  0   0  0   0  1  1  0  3  0/0    24:10   0:09   4:34 
Blair Jones              0  2  2   2  0   0  1  0  1  1  0/0    15:21   0:09   2:54 
Brian O'Neill            0  1  1   1  0   5  1  0  3  0  0/0    16:35   0:00   0:59 
Chris Brown              1  0  1   1  2   6  3  0  2  2  1/1    16:09   0:00   0:00 
Colton Sissons           0  1  1   1  0   3  3  0  1  0  6/9    15:36   0:00   0:00 
Eric Baier               0  0  0   1  5   1  0  0  0  0  0/0    15:25   0:00   0:00 
Evan Rankin              0  0  0   0  0   0  1  0  3  0  0/0     9:26   0:00   0:00 
Joakim Nordstrom         3  0  3   2  0   4  1  0  2  1  3/9    18:15   0:09   6:26 
Joe Piskula              0  0  0   2  5   0  1  2  0  0  0/0    18:32   0:00   2:20 
Joe Whitney              1  0  1   1  2   2  2  0  4  0  0/0    16:10   0:00   0:24 
Josh Anderson            0  0  0   0  0   1  3  0  1  0  0/0     9:26   0:00   0:00 
Kevin Gagne              0  0  0   2  0   0  0  0  0  0  0/0    15:38   0:00   1:07 
Marek Tvrdon             0  0  0   1  0   1  1  0  4  0  4/5    17:31   0:00   3:22 
Matt Donovan             0  2  2   0  0   3  1  2  1  1  0/0    24:51   0:09   4:34 
Ryan Reaves              0  0  0   1  9   0  3  0  0  1  1/7    18:05   0:09   1:57 
Ryan Sproul              0  0  0   3  0   1  0  0  0  1  0/0    21:37   0:00   3:27 
Scott Kosmachuk          0  0  0   0  0   0  0  0  0  0  0/0     4:56   0:00   0:00 
Zack Phillips            0  0  0   1  0   0  3  0  0  1  4/7    14:09   0:00   0:00 

3 Stars

1 - Joakim Nordstrom (CHI)
2 - Evgeni Nabokov (CHI)
3 - Blair Jones (CHI)

Power Play

Stars - 1 on 5 Attempt(s) - 20.00%
Wolves - 1 on 1 Attempt(s) - 100.00%

Penalty Kill

Stars - 0 on 1 Attempt(s) - 0.00% - Score 0 goal in Penalty Kill
Wolves - 4 on 5 Attempt(s) - 80.00% - Score 1 goal in Penalty Kill

Team Stat

Stars - Hits : 19 - Faceoff Wins : 19 - Blocked Shots : 12 - Penalty Minutes : 37
Wolves - Hits : 25 - Faceoff Wins : 19 - Blocked Shots : 5 - Penalty Minutes : 23

Official

Referees : Unknown
Linesman : Unknown

Game Notes

Brad Malone beats up Joe Piskula at 0:33 of 1st period
Brad Malone ejected from game at 0:33 of 1st period
Brad Malone from Stars is suspended for 1 game(s)
Ryan Reaves beats up Zach Sill at 0:03 of 2nd period
Eric Baier and Steven Delisle fight to a draw at 8:51 of 2nd period
Joakim Nordstrom has scored a Hat Trick!
Jeff Malcolm enters game at 14:42 of 2nd period

Finance

Level 1 -- Attendance: 1385 (69.25%) -- Ticket Income $34,625
Level 2 -- Attendance: 774 (77.40%) -- Ticket Income $6,192
Total Attendance: 2159 (71.97%)
Total Ticket Income: $40,817
Other Income: $20,000
Total Income: $60,817

Stars

5 vs 5 Forward 
   Center                   Left Wing                Right Wing               Time % Phy DF OF 
 1 Zac Dalpe                Paul Thompson            Zach Sill                35     1   2  2  
 2 Brad Malone              Brandon Kozun            Alexandre Grenier        30     1   2  2  
 3 Paul Thompson            John Albert              Justin Shugg             22     1   2  2  
 4 Miikka Salomaki          Jason Williams           Zach Sill                13     1   2  2  

5 vs 5 Defense 
   Defense                  Defense                                           Time % Phy DF OF 
 1 Steven Delisle           Bruno Gervais                                     35     1   2  2  
 2 Cameron Gaunce           Austin Madaisky                                   30     1   2  2  
 3 Austin Madaisky          Cameron Gaunce                                    22     1   2  2  
 4 Brent Sopel              Cameron Gaunce                                    13     1   2  2  

PowerPlay Forward 
   Center                   Left Wing                Right Wing               Time % Phy DF OF 
 1 Zac Dalpe                Paul Thompson            Zach Sill                60     1   2  2  
 2 Brad Malone              Brandon Kozun            Alexandre Grenier        40     1   2  2  

PowerPlay Defense
   Defense                  Defense                                           Time % Phy DF OF 
 1 Brent Sopel              Bruno Gervais                                     60     1   2  2  
 2 Cameron Gaunce           Austin Madaisky                                   40     1   2  2  

Penalty Kill 4 Players Forward 
   Center                   Wing                     Time % Phy DF OF 
 1 Brad Malone              Zach Sill                60     1   2  2  
 2 Brandon Kozun            Paul Thompson            40     1   2  2  

Penalty Kill 4 Players Defense
   Defense                  Defense                  Time % Phy DF OF 
 1 Austin Madaisky          Bruno Gervais            60     1   2  2  
 2 Brent Sopel              Cameron Gaunce           40     1   2  2  

Penalty Kill - 3 Players Forward 
   Forward                                           Time % Phy DF OF 
 1 Zach Sill                                         60     1   2  2  
 2 Justin Shugg                                      40     1   2  2  

Penalty Kill - 3 Players Defense
   Defense                  Defense                  Time % Phy DF OF 
 1 Cameron Gaunce           Austin Madaisky          60     1   2  2  
 2 Brent Sopel              Steven Delisle           40     1   2  2  

4 vs 4 Forward 
   Center                   Wing                     Time % Phy DF OF 
 1 Brandon Kozun            Paul Thompson            60     1   2  2  
 2 Zach Sill                John Albert              40     1   2  2  

4 vs 4 Defense
   Defense                  Defense                  Time % Phy DF OF 
 1 Brent Sopel              Cameron Gaunce           60     1   2  2  
 2 Steven Delisle           Austin Madaisky          40     1   2  2  

Last Minutes Offensive
   Center                   Left Wing                Right Wing               Defense                  Defense                  
   Zac Dalpe                Zach Sill                Brad Malone              Cameron Gaunce           Bruno Gervais            

Last Minutes Defensive
   Center                   Left Wing                Right Wing               Defense                  Defense                  
   Zac Dalpe                Zach Sill                Brad Malone              Cameron Gaunce           Bruno Gervais            

Goaltenders
Starting : FARM GOALIE19            
Backup : Jeff Malcolm             

Extra Forwards
Normal : Jason Williams, Paul Thompson, Zach Sill - PP : Paul Thompson, Zach Sill - PK : Miikka Salomaki
Extra Defensemen
Normal : Brent Sopel, Cameron Gaunce, Austin Madaisky - PP : Cameron Gaunce - PK : Austin Madaisky, Cameron Gaunce
Penalty Shots
Jason Williams, Brad Malone, Zach Sill, Brandon Kozun, Paul Thompson

Wolves

5 vs 5 Forward 
   Center                   Left Wing                Right Wing               Time % Phy DF OF 
 1 Joakim Nordstrom         Blair Jones              Ryan Reaves              35     1   2  2  
 2 Colton Sissons           Chris Brown              Brian O'Neill            30     1   2  2  
 3 Zack Phillips            Joe Whitney              Marek Tvrdon             22     1   2  2  
 4 Ryan Reaves              Josh Anderson            Evan Rankin              13     1   2  2  

5 vs 5 Defense 
   Defense                  Defense                                           Time % Phy DF OF 
 1 Andre Benoit             Matt Donovan                                      35     1   2  2  
 2 Ryan Sproul              Joe Piskula                                       30     1   2  2  
 3 Eric Baier               Kevin Gagne                                       22     1   2  2  
 4 Andre Benoit             Matt Donovan                                      13     1   2  2  

PowerPlay Forward 
   Center                   Left Wing                Right Wing               Time % Phy DF OF 
 1 Joakim Nordstrom         Blair Jones              Ryan Reaves              60     1   2  2  
 2 Colton Sissons           Chris Brown              Brian O'Neill            40     1   2  2  

PowerPlay Defense
   Defense                  Defense                                           Time % Phy DF OF 
 1 Andre Benoit             Matt Donovan                                      60     1   2  2  
 2 Ryan Sproul              Joe Piskula                                       40     1   2  2  

Penalty Kill 4 Players Forward 
   Center                   Wing                     Time % Phy DF OF 
 1 Ryan Reaves              Joakim Nordstrom         60     1   2  2  
 2 Brian O'Neill            Blair Jones              40     1   2  2  

Penalty Kill 4 Players Defense
   Defense                  Defense                  Time % Phy DF OF 
 1 Andre Benoit             Matt Donovan             60     1   2  2  
 2 Ryan Sproul              Joe Piskula              40     1   2  2  

Penalty Kill - 3 Players Forward 
   Forward                                           Time % Phy DF OF 
 1 Ryan Reaves                                       60     1   2  2  
 2 Joakim Nordstrom                                  40     1   2  2  

Penalty Kill - 3 Players Defense
   Defense                  Defense                  Time % Phy DF OF 
 1 Andre Benoit             Matt Donovan             60     1   2  2  
 2 Ryan Sproul              Joe Piskula              40     1   2  2  

4 vs 4 Forward 
   Center                   Wing                     Time % Phy DF OF 
 1 Ryan Reaves              Joakim Nordstrom         60     1   2  2  
 2 Brian O'Neill            Blair Jones              40     1   2  2  

4 vs 4 Defense
   Defense                  Defense                  Time % Phy DF OF 
 1 Andre Benoit             Matt Donovan             60     1   2  2  
 2 Ryan Sproul              Joe Piskula              40     1   2  2  

Last Minutes Offensive
   Center                   Left Wing                Right Wing               Defense                  Defense                  
   Joakim Nordstrom         Blair Jones              Ryan Reaves              Andre Benoit             Matt Donovan             

Last Minutes Defensive
   Center                   Left Wing                Right Wing               Defense                  Defense                  
   Joakim Nordstrom         Blair Jones              Ryan Reaves              Andre Benoit             Matt Donovan             

Goaltenders
Starting : Evgeni Nabokov           
Backup : FARM GOALIE18            

Extra Forwards
Normal : Scott Kosmachuk, Joe Whitney, Marek Tvrdon - PP : Scott Kosmachuk, Joe Whitney - PK : Marek Tvrdon
Extra Defensemen
Normal : Eric Baier, Kevin Gagne, Ryan Sproul - PP : Eric Baier - PK : Kevin Gagne, Ryan Sproul
Penalty Shots
Ryan Reaves, Joakim Nordstrom, Brian O'Neill, Blair Jones, Colton Sissons

% Time on Ice - Stars

Lines # - Real PCT - Wanted PCT - Time Play
Normal Forward
1 - 21% - 35% - 10:48
2 - 48% - 30% - 24:47
3 - 16% - 22% - 8:19
4 - 15% - 13% - 7:56
Normal Defense
1 - 43% - 35% - 22:07
2 - 24% - 30% - 12:19
3 - 15% - 22% - 7:38
4 - 19% - 13% - 9:46
PP Forward
1 - 40% - 60% - 3:10
2 - 60% - 40% - 4:51
PP Defense
1 - 55% - 60% - 4:24
2 - 45% - 40% - 3:37
PK Forward
1 - 100% - 60% - 0:09
2 - 0% - 40% - 0:00
PK Defense
1 - 100% - 60% - 0:09
2 - 0% - 40% - 0:00
PK3 Forward
1 - 0% - 60%
2 - 0% - 40%
PK3 Defense
1 - 0% - 60%
2 - 0% - 40%
44 Forward
1 - 0% - 60%
2 - 0% - 40%
44 Defense
1 - 0% - 60%
2 - 0% - 40%
Last Minute Offensive  - 0:00
Last Minute Defensive  - 0:00
Total
Forward - 60:00
Defense - 60:00

% Time on Ice - Wolves

Lines # - Real PCT - Wanted PCT - Time Play
Normal Forward
1 - 24% - 35% - 12:39
2 - 30% - 30% - 15:36
3 - 27% - 22% - 14:09
4 - 18% - 13% - 9:26
Normal Defense
1 - 30% - 35% - 15:37
2 - 35% - 30% - 18:10
3 - 27% - 22% - 14:13
4 - 7% - 13% - 3:50
PP Forward
1 - 100% - 60% - 0:09
2 - 0% - 40% - 0:00
PP Defense
1 - 100% - 60% - 0:09
2 - 0% - 40% - 0:00
PK Forward
1 - 88% - 60% - 7:02
2 - 12% - 40% - 0:59
PK Defense
1 - 57% - 60% - 4:34
2 - 43% - 40% - 3:27
PK3 Forward
1 - 0% - 60%
2 - 0% - 40%
PK3 Defense
1 - 0% - 60%
2 - 0% - 40%
44 Forward
1 - 0% - 60%
2 - 0% - 40%
44 Defense
1 - 0% - 60%
2 - 0% - 40%
Last Minute Offensive  - 0:00
Last Minute Defensive  - 0:00
Total
Forward - 60:00
Defense - 60:00

Play by Play

1st period


0:01 of 1st period - Paul Thompson wins face-off versus Joakim Nordstrom in neutral zone.
0:12 of 1st period - Wrist shot by Zach Sill.
0:12 of 1st period - Deflect By Andre Benoit.
0:12 of 1st period - Stopped by Evgeni Nabokov with a rebound.
0:14 of 1st period - Wrist shot by Zac Dalpe.
0:14 of 1st period - Shot Misses the Net.
0:16 of 1st period - Snap shot by Zach Sill.
0:16 of 1st period - Deflect By Matt Donovan.
0:16 of 1st period - Stopped by Evgeni Nabokov with a rebound.
0:18 of 1st period - Snap shot by Zach Sill.
0:18 of 1st period - Shot Hit the Post.
0:20 of 1st period - Slapshot by Steven Delisle.
0:20 of 1st period - Shot Blocked by Matt Donovan.
0:22 of 1st period - Wrist shot by Zach Sill.
0:22 of 1st period - Stopped by Evgeni Nabokov with a rebound.
0:24 of 1st period - Slapshot by Bruno Gervais.
0:24 of 1st period - Shot Misses the Net.
0:26 of 1st period - Wrist shot by Paul Thompson.
0:26 of 1st period - Shot Misses the Net.
0:28 of 1st period - Snap shot by Paul Thompson.
0:28 of 1st period - Shot Blocked by Andre Benoit.
0:30 of 1st period - Wrist shot by Zac Dalpe.
0:30 of 1st period - Shot Misses the Net.
0:32 of 1st period - Wrist shot by Zac Dalpe.
0:32 of 1st period - Stopped by Evgeni Nabokov without a rebound.
0:33 of 1st period - Brad Malone wins face-off versus Colton Sissons in Wolves zone.
0:33 of 1st period - Brad Malone beats up Joe Piskula.
0:33 of 1st period - Penalty to Joe Piskula for Fighting.
0:33 of 1st period - Penalty to Brad Malone for Fighting.
0:33 of 1st period - Penalty to Brad Malone for instigated a fight.
0:33 of 1st period - Penalty to Brad Malone for instigated and being the aggresor in a fight.
0:33 of 1st period - Brad Malone is ejected from game.
0:34 of 1st period - Joakim Nordstrom wins face-off versus Miikka Salomaki in Wolves zone.
0:34 of 1st period - Joakim Nordstrom is hit by Zach Sill.
0:42 of 1st period - Wrist shot by Joakim Nordstrom.
0:42 of 1st period - Goal by Joakim Nordstrom - Stars : 0 - Wolves : 1.
0:43 of 1st period - Chris Brown wins face-off versus Jason Williams in neutral zone.
0:50 of 1st period - Snap shot by Brian O'Neill.
0:50 of 1st period - Shot Blocked by Cameron Gaunce.
0:52 of 1st period - Slapshot by Eric Baier.
0:52 of 1st period - Shot Blocked by Austin Madaisky.
0:54 of 1st period - Wrist shot by Brian O'Neill.
0:54 of 1st period - Stopped by FARM GOALIE19 with a rebound.
0:56 of 1st period - Snap shot by Ryan Sproul.
0:56 of 1st period - Stopped by FARM GOALIE19 with a rebound.
0:58 of 1st period - Snap shot by Chris Brown.
0:58 of 1st period - Stopped by FARM GOALIE19 without a rebound.
0:59 of 1st period - Colton Sissons wins face-off versus Jason Williams in Stars zone.
3:06 of 1st period - Wrist shot by Joakim Nordstrom.
3:06 of 1st period - Goal by Joakim Nordstrom - Stars : 0 - Wolves : 2.
3:07 of 1st period - Colton Sissons wins face-off versus Miikka Salomaki in neutral zone.
3:34 of 1st period - Snap shot by Chris Brown.
3:34 of 1st period - Shot Blocked by Steven Delisle.
3:36 of 1st period - Snap shot by Chris Brown.
3:36 of 1st period - Stopped by FARM GOALIE19 with a rebound.
3:42 of 1st period - Slapshot by Matt Donovan.
3:42 of 1st period - Deflect By Brian O'Neill.
3:42 of 1st period - Stopped by FARM GOALIE19 with a rebound.
3:44 of 1st period - Slapshot by Matt Donovan.
3:44 of 1st period - Shot Misses the Net.
4:02 of 1st period - Brandon Kozun is hit by Matt Donovan and loses puck.
4:14 of 1st period - Off-side.
4:15 of 1st period - John Albert wins face-off versus Joakim Nordstrom in neutral zone.
4:37 of 1st period - Wrist shot by Joakim Nordstrom.
4:37 of 1st period - Stopped by FARM GOALIE19 with a rebound.
5:20 of 1st period - Paul Thompson is hit by Joe Whitney and loses puck.
7:04 of 1st period - Alexandre Grenier is hit by Ryan Reaves and loses puck.
7:23 of 1st period - Austin Madaisky is hit by Blair Jones and loses puck.
7:38 of 1st period - Zac Dalpe is hit by Zack Phillips and loses puck.
8:06 of 1st period - Slapshot by Zac Dalpe.
8:06 of 1st period - Stopped by Evgeni Nabokov with a rebound.
8:50 of 1st period - Backhand shot by Alexandre Grenier.
8:50 of 1st period - Stopped by Evgeni Nabokov with a rebound.
9:29 of 1st period - John Albert is hit by Evan Rankin and loses puck.
10:40 of 1st period - Off-side.
10:41 of 1st period - Zack Phillips wins face-off versus Zac Dalpe in neutral zone.
10:46 of 1st period - Justin Shugg is hit by Zack Phillips and loses puck.
10:55 of 1st period - Backhand shot by Steven Delisle.
10:55 of 1st period - Deflect By Andre Benoit.
10:55 of 1st period - Stopped by Evgeni Nabokov with a rebound.
10:57 of 1st period - Snap shot by Alexandre Grenier.
10:57 of 1st period - Stopped by Evgeni Nabokov with a rebound.
10:59 of 1st period - Snap shot by Zac Dalpe.
10:59 of 1st period - Stopped by Evgeni Nabokov with a rebound.
13:07 of 1st period - Icing by Brent Sopel.
13:08 of 1st period - Zack Phillips wins face-off versus John Albert in Stars zone.
13:43 of 1st period - John Albert is hit by Colton Sissons and loses puck.
13:48 of 1st period - Snap shot by Brian O'Neill.
13:48 of 1st period - Deflect By Chris Brown.
13:48 of 1st period - Stopped by FARM GOALIE19 without a rebound.
13:49 of 1st period - Colton Sissons wins face-off versus Jason Williams in Stars zone.
14:52 of 1st period - Snap shot by Alexandre Grenier.
14:52 of 1st period - Shot Misses the Net.
14:54 of 1st period - Snap shot by Jason Williams.
14:54 of 1st period - Shot Blocked by Joe Piskula.
15:12 of 1st period - Andre Benoit is hit by Paul Thompson and loses puck.
15:17 of 1st period - Wrist shot by Zac Dalpe.
15:17 of 1st period - Shot Misses the Net.
15:33 of 1st period - 10 Minutes Misconduct Penalty to Brad Malone is over.
15:35 of 1st period - Wrist shot by Jason Williams.
15:35 of 1st period - Deflect By Justin Shugg.
15:35 of 1st period - Shot Misses the Net.
15:35 of 1st period - Puck is out of play.
15:36 of 1st period - Jason Williams wins face-off versus Joakim Nordstrom in Wolves zone.
16:08 of 1st period - Eric Baier is hit by Justin Shugg and loses puck.
16:42 of 1st period - Joe Piskula is hit by Austin Madaisky and loses puck.
17:15 of 1st period - Blair Jones is hit by Bruno Gervais and loses puck.
17:21 of 1st period - Off-side.
17:22 of 1st period - Zack Phillips wins face-off versus Zach Sill in neutral zone.
17:53 of 1st period - Justin Shugg is hit by Ryan Reaves and loses puck.
18:22 of 1st period - Eric Baier is hit by Alexandre Grenier and loses puck.
18:29 of 1st period - Matt Donovan is hit by Jason Williams and loses puck.
Goals for this period are 0 for Stars vs 2 for Wolves.
Shots for this period are 9 for Stars vs 9 for Wolves.

2nd period


0:01 of 2nd period - Joakim Nordstrom wins face-off versus Zac Dalpe in neutral zone.
0:03 of 2nd period - Ryan Reaves beats up Zach Sill.
0:03 of 2nd period - Penalty to Ryan Reaves for Fighting.
0:03 of 2nd period - Penalty to Zach Sill for Fighting.
0:04 of 2nd period - Joakim Nordstrom wins face-off versus Zac Dalpe in neutral zone.
0:28 of 2nd period - Wrist shot by Zac Dalpe.
0:28 of 2nd period - Stopped by Evgeni Nabokov with a rebound.
0:30 of 2nd period - Wrist shot by Zac Dalpe.
0:30 of 2nd period - Stopped by Evgeni Nabokov with a rebound.
0:38 of 2nd period - Slapshot by Joakim Nordstrom.
0:38 of 2nd period - Shot Misses the Net.
0:55 of 2nd period - Brandon Kozun is hit by Brian O'Neill and loses puck.
1:14 of 2nd period - Wrist shot by Alexandre Grenier.
1:14 of 2nd period - Shot Misses the Net.
2:19 of 2nd period - Wrist shot by Miikka Salomaki.
2:19 of 2nd period - Shot Blocked by Matt Donovan.
2:21 of 2nd period - Snap shot by Miikka Salomaki.
2:21 of 2nd period - Stopped by Evgeni Nabokov without a rebound.
2:22 of 2nd period - Miikka Salomaki wins face-off versus Joakim Nordstrom in Wolves zone.
2:45 of 2nd period - Joe Whitney is hit by John Albert and loses puck.
4:01 of 2nd period - Zac Dalpe is hit by Marek Tvrdon and loses puck.
4:08 of 2nd period - Zack Phillips is hit by Alexandre Grenier.
4:35 of 2nd period - Brent Sopel is hit by Josh Anderson.
4:41 of 2nd period - Evan Rankin is hit by Alexandre Grenier and loses puck.
6:17 of 2nd period - Snap shot by Joe Whitney.
6:17 of 2nd period - Shot Blocked by Zach Sill.
6:40 of 2nd period - Snap shot by Alexandre Grenier.
6:40 of 2nd period - Stopped by Evgeni Nabokov with a rebound.
6:42 of 2nd period - Wrist shot by John Albert.
6:42 of 2nd period - Shot Blocked by Joe Piskula.
6:44 of 2nd period - Slapshot by Austin Madaisky.
6:44 of 2nd period - Shot Misses the Net.
6:52 of 2nd period - Snap shot by Alexandre Grenier.
6:52 of 2nd period - Stopped by Evgeni Nabokov without a rebound.
6:53 of 2nd period - Colton Sissons wins face-off versus John Albert in Wolves zone.
7:37 of 2nd period - Minor Penalty to Joe Whitney for Holding.
7:38 of 2nd period - Zac Dalpe wins face-off versus Ryan Reaves in Wolves zone.
7:38 of 2nd period - Wrist shot by Zach Sill.
7:38 of 2nd period - Shot Misses the Net.
7:40 of 2nd period - Snap shot by Zac Dalpe.
7:40 of 2nd period - Stopped by Evgeni Nabokov with a rebound.
7:42 of 2nd period - Snap shot by Zach Sill.
7:42 of 2nd period - Goal by Zach Sill - Stars : 1 - Wolves : 2.
7:43 of 2nd period - Zack Phillips wins face-off versus Zac Dalpe in neutral zone.
8:12 of 2nd period - Snap shot by Joe Whitney.
8:12 of 2nd period - Stopped by FARM GOALIE19 with a rebound.
8:27 of 2nd period - Icing by Zac Dalpe.
8:28 of 2nd period - Zac Dalpe wins face-off versus Joakim Nordstrom in Stars zone.
8:48 of 2nd period - Icing by Bruno Gervais.
8:49 of 2nd period - Jason Williams wins face-off versus Colton Sissons in Stars zone.
8:51 of 2nd period - Eric Baier and Steven Delisle fight to a draw.
8:51 of 2nd period - Penalty to Eric Baier for Fighting.
8:51 of 2nd period - Penalty to Steven Delisle for Fighting.
8:52 of 2nd period - Paul Thompson wins face-off versus Joakim Nordstrom in neutral zone.
9:04 of 2nd period - Minor Penalty to Ryan Reaves for Interference.
9:05 of 2nd period - Marek Tvrdon wins face-off versus Paul Thompson in Wolves zone.
10:15 of 2nd period - Wrist shot by Blair Jones.
10:15 of 2nd period - Deflect By Joakim Nordstrom.
10:15 of 2nd period - Goal by Joakim Nordstrom - Stars : 1 - Wolves : 3.
10:16 of 2nd period - Zac Dalpe wins face-off versus Marek Tvrdon in neutral zone.
10:25 of 2nd period - Off-side.
10:26 of 2nd period - Marek Tvrdon wins face-off versus Zac Dalpe in neutral zone.
10:57 of 2nd period - Joakim Nordstrom is hit by Cameron Gaunce and loses puck.
11:04 of 2nd period - Penalty to Ryan Reaves is over, Ryan Reaves is back on ice.
11:23 of 2nd period - Miikka Salomaki is hit by Joe Piskula and loses puck.
11:30 of 2nd period - Joe Piskula is hit by Zach Sill and loses puck.
11:41 of 2nd period - Slapshot by Justin Shugg.
11:41 of 2nd period - Shot Misses the Net.
11:43 of 2nd period - Slapshot by Bruno Gervais.
11:43 of 2nd period - Stopped by Evgeni Nabokov with a rebound.
11:45 of 2nd period - Wrist shot by Justin Shugg.
11:45 of 2nd period - Stopped by Evgeni Nabokov with a rebound.
11:47 of 2nd period - Slapshot by Bruno Gervais.
11:47 of 2nd period - Stopped by Evgeni Nabokov with a rebound.
11:53 of 2nd period - Snap shot by John Albert.
11:53 of 2nd period - Shot Misses the Net.
12:09 of 2nd period - Jason Williams is hit by Chris Brown and loses puck.
12:50 of 2nd period - Cameron Gaunce is hit by Ryan Reaves and loses puck.
13:34 of 2nd period - Zack Phillips is hit by Austin Madaisky and loses puck.
13:49 of 2nd period - Wrist shot by Chris Brown.
13:49 of 2nd period - Stopped by FARM GOALIE19 with a rebound.
13:51 of 2nd period - Snap shot by Chris Brown.
13:51 of 2nd period - Shot Blocked by Alexandre Grenier.
13:59 of 2nd period - Snap shot by Brian O'Neill.
13:59 of 2nd period - Shot Blocked by Cameron Gaunce.
14:01 of 2nd period - Wrist shot by Andre Benoit.
14:01 of 2nd period - Deflect By Brian O'Neill.
14:01 of 2nd period - Stopped by FARM GOALIE19 with a rebound.
14:11 of 2nd period - Slapshot by Matt Donovan.
14:11 of 2nd period - Shot Misses the Net.
14:13 of 2nd period - Snap shot by Josh Anderson.
14:13 of 2nd period - Stopped by FARM GOALIE19 with a rebound.
14:40 of 2nd period - Slapshot by Chris Brown.
14:40 of 2nd period - Stopped by FARM GOALIE19 with a rebound.
14:42 of 2nd period - Snap shot by Chris Brown.
14:42 of 2nd period - Goal by Chris Brown - Stars : 1 - Wolves : 4.
14:42 of 2nd period - Jeff Malcolm enters game.
14:43 of 2nd period - Miikka Salomaki wins face-off versus Zack Phillips in neutral zone.
15:02 of 2nd period - Snap shot by Marek Tvrdon.
15:02 of 2nd period - Deflect By Zach Sill.
15:02 of 2nd period - Stopped by Jeff Malcolm without a rebound.
15:03 of 2nd period - Miikka Salomaki wins face-off versus Zack Phillips in Stars zone.
15:13 of 2nd period - Icing by Zach Sill.
15:14 of 2nd period - Colton Sissons wins face-off versus Miikka Salomaki in Stars zone.
15:27 of 2nd period - Wrist shot by Chris Brown.
15:27 of 2nd period - Shot Misses the Net.
15:29 of 2nd period - Snap shot by Chris Brown.
15:29 of 2nd period - Shot Misses the Net.
15:31 of 2nd period - Slapshot by Matt Donovan.
15:31 of 2nd period - Shot Blocked by Zach Sill.
15:33 of 2nd period - Snap shot by Colton Sissons.
15:33 of 2nd period - Stopped by Jeff Malcolm with a rebound.
16:12 of 2nd period - Joakim Nordstrom is hit by John Albert and loses puck.
16:48 of 2nd period - Slapshot by Eric Baier.
16:48 of 2nd period - Shot Blocked by Austin Madaisky.
18:20 of 2nd period - Minor Penalty to Chris Brown for Tripping.
18:21 of 2nd period - John Albert wins face-off versus Ryan Reaves in Wolves zone.
19:24 of 2nd period - Icing by Brandon Kozun.
19:25 of 2nd period - Marek Tvrdon wins face-off versus John Albert in Stars zone.
Goals for this period are 1 for Stars vs 2 for Wolves.
Shots for this period are 10 for Stars vs 9 for Wolves.

3rd period


0:01 of 3rd period - Zac Dalpe wins face-off versus Ryan Reaves in neutral zone.
0:06 of 3rd period - Snap shot by Matt Donovan.
0:06 of 3rd period - Shot Blocked by Zach Sill.
0:18 of 3rd period - Snap shot by Zach Sill.
0:18 of 3rd period - Stopped by Evgeni Nabokov without a rebound.
0:19 of 3rd period - Ryan Reaves wins face-off versus Paul Thompson in Wolves zone.
0:20 of 3rd period - Penalty to Chris Brown is over, Chris Brown is back on ice.
1:15 of 3rd period - Cameron Gaunce is hit by Zack Phillips and loses puck.
2:04 of 3rd period - Slapshot by Brian O'Neill.
2:04 of 3rd period - Shot Blocked by Justin Shugg.
2:24 of 3rd period - Miikka Salomaki is hit by Josh Anderson and loses puck.
2:57 of 3rd period - Snap shot by Joakim Nordstrom.
2:57 of 3rd period - Shot Misses the Net.
3:19 of 3rd period - Slapshot by John Albert.
3:19 of 3rd period - Deflect By Brandon Kozun.
3:19 of 3rd period - Stopped by Evgeni Nabokov with a rebound.
3:21 of 3rd period - Snap shot by Brandon Kozun.
3:21 of 3rd period - Shot Misses the Net.
3:23 of 3rd period - Slapshot by Brent Sopel.
3:23 of 3rd period - Deflect By John Albert.
3:23 of 3rd period - Stopped by Evgeni Nabokov with a rebound.
4:11 of 3rd period - Icing by Matt Donovan.
4:12 of 3rd period - Paul Thompson wins face-off versus Colton Sissons in Wolves zone.
4:24 of 3rd period - Slapshot by Eric Baier.
4:24 of 3rd period - Stopped by Jeff Malcolm with a rebound.
4:55 of 3rd period - Wrist shot by Joakim Nordstrom.
4:55 of 3rd period - Shot Hit the Post.
5:17 of 3rd period - Slapshot by Matt Donovan.
5:17 of 3rd period - Stopped by Jeff Malcolm without a rebound.
5:18 of 3rd period - Alexandre Grenier wins face-off versus Ryan Reaves in Stars zone.
5:18 of 3rd period - Alexandre Grenier is hit by Josh Anderson.
5:49 of 3rd period - Justin Shugg is hit by Colton Sissons and loses puck.
5:54 of 3rd period - Snap shot by Brian O'Neill.
5:54 of 3rd period - Shot Blocked by Austin Madaisky.
5:56 of 3rd period - Snap shot by Colton Sissons.
5:56 of 3rd period - Stopped by Jeff Malcolm with a rebound.
7:46 of 3rd period - Derrick Pouliot is hit by Chris Brown and loses puck.
8:09 of 3rd period - Brent Sopel is hit by Colton Sissons and loses puck.
8:52 of 3rd period - Ryan Reaves is hit by Brent Sopel and loses puck.
8:58 of 3rd period - Off-side.
8:59 of 3rd period - Jason Williams wins face-off versus Ryan Reaves in neutral zone.
9:05 of 3rd period - Snap shot by Jason Williams.
9:05 of 3rd period - Stopped by Evgeni Nabokov with a rebound.
9:11 of 3rd period - Minor Penalty to Ryan Reaves for Tripping.
9:12 of 3rd period - Marek Tvrdon wins face-off versus Zach Sill in Wolves zone.
10:05 of 3rd period - Bruno Gervais is hit by Joakim Nordstrom and loses puck.
10:32 of 3rd period - Ryan Sproul is hit by Austin Madaisky and loses puck.
11:11 of 3rd period - Penalty to Ryan Reaves is over, Ryan Reaves is back on ice.
11:30 of 3rd period - Jason Williams is hit by Andre Benoit and loses puck.
12:23 of 3rd period - Snap shot by Evan Rankin.
12:23 of 3rd period - Shot Misses the Net.
12:25 of 3rd period - Snap shot by Josh Anderson.
12:25 of 3rd period - Shot Misses the Net.
12:27 of 3rd period - Wrist shot by Andre Benoit.
12:27 of 3rd period - Shot Blocked by Bruno Gervais.
12:52 of 3rd period - Zach Sill is hit by Joe Whitney and loses puck.
12:57 of 3rd period - Snap shot by Joe Whitney.
12:57 of 3rd period - Goal by Joe Whitney - Stars : 1 - Wolves : 5.
12:58 of 3rd period - Colton Sissons wins face-off versus Zac Dalpe in neutral zone.
13:17 of 3rd period - Wrist shot by Brian O'Neill.
13:17 of 3rd period - Stopped by Jeff Malcolm with a rebound.
13:57 of 3rd period - Josh Anderson is hit by John Albert and loses puck.
14:39 of 3rd period - Wrist shot by Joe Whitney.
14:39 of 3rd period - Shot Misses the Net.
15:00 of 3rd period - Wrist shot by Dalton Smith.
15:00 of 3rd period - Stopped by Evgeni Nabokov with a rebound.
16:01 of 3rd period - Zach Sill is hit by Chris Brown and loses puck.
16:23 of 3rd period - Wrist shot by Alexandre Grenier.
16:23 of 3rd period - Stopped by Evgeni Nabokov without a rebound.
16:23 of 3rd period - Minor Penalty to Evgeni Nabokov for Delaying the game.
16:24 of 3rd period - Jason Williams wins face-off versus Ryan Reaves in Wolves zone.
16:59 of 3rd period - Andre Benoit is hit by Paul Thompson.
18:23 of 3rd period - Penalty to Joe Piskula is over, Joe Piskula is back on ice.
18:25 of 3rd period - Kevin Gagne is hit by Alexandre Grenier and loses puck.
18:46 of 3rd period - Snap shot by Matt Donovan.
18:46 of 3rd period - Stopped by Jeff Malcolm with a rebound.
18:48 of 3rd period - Snap shot by Matt Donovan.
18:48 of 3rd period - Stopped by Jeff Malcolm without a rebound.
18:49 of 3rd period - Zac Dalpe wins face-off versus Zack Phillips in Stars zone.
18:56 of 3rd period - Wrist shot by Zach Sill.
18:56 of 3rd period - Shot Misses the Net.
19:40 of 3rd period - Wrist shot by Miikka Salomaki.
19:40 of 3rd period - Stopped by Evgeni Nabokov with a rebound.
19:42 of 3rd period - Wrist shot by Brandon Kozun.
19:42 of 3rd period - Stopped by Evgeni Nabokov with a rebound.
19:50 of 3rd period - Snap shot by Brian O'Neill.
19:50 of 3rd period - Stopped by Jeff Malcolm with a rebound.
19:52 of 3rd period - Slapshot by Ryan Sproul.
19:52 of 3rd period - Shot Misses the Net.
19:54 of 3rd period - Wrist shot by Colton Sissons.
19:54 of 3rd period - Stopped by Jeff Malcolm with a rebound.
Goals for this period are 0 for Stars vs 1 for Wolves.
Shots for this period are 8 for Stars vs 9 for Wolves.